 Dungeon Crawl Stone Soup version 0.25-a0-834-g55863b0b92 (webtiles) character file.

Game seed: 3048005492262783398, levelgen mode: deterministic

14732 Error4North the Cleaver (level 12, 0/106 HPs)
             Began as a Hill Orc Fighter on Apr 23, 2020.
             Was a High Priest of Okawaru.
             Slain by a two-headed ogre
             ... wielding a +0 giant spiked club
              (7 damage)
             ... on level 12 of the Dungeon.
             The game lasted 00:49:24 (12706 turns).

Error4North the Cleaver (Hill Orc Fighter)         Turns: 12706, Time: 00:49:25

Health: 0/106      AC: 21    Str: 22    XL:     12   Next: 19%
Magic:  16/16      EV:  9    Int: 10    God:    Okawaru [*****.]
Gold:   666        SH: 12    Dex: 13    Spells: 11/11 levels left

rFire    . . .     SeeInvis .   a - +1 war axe
rCold    . . .     Gourm    .   c - +0 kite shield
rNeg     . . .     Faith    .   Q - +0 plate armour
rPois    +         Spirit   .   n - +0 helmet
rElec    .         Reflect  .   i - +0 cloak
rCorr    .         Harm     .   p - +0 pair of gloves
MR       .....     Rnd*Rage +   O - +0 pair of boots {Stlth+}
Stlth    ..........             (no amulet)
HPRegen  0.27/turn              o - ring of poison resistance
MPRegen  0.15/turn              w - +3 ring of dexterity

@: no status effects
A: repulsion field 1, iridescent scales 1, berserk 2
a: Heroism, Finesse, Renounce Religion


You were on level 12 of the Dungeon.
You worshipped Okawaru.
Okawaru was extremely pleased with you.
You were very hungry.

You visited 2 branches of the dungeon, and saw 13 of its levels.
You also visited: Sewer and Ossuary.

You collected 666 gold pieces.

Inventory:

Hand Weapons
 a - a +1 war axe (weapon)
 A - a +0 vorpal flail
Missiles
 q - 5 javelins (quivered)
 P - 12 silver javelins
Armour
 c - a +0 kite shield (worn)
 i - a +0 cloak (worn)
 n - a +0 helmet (worn)
 p - a +0 pair of gloves (worn)
 O - a +0 pair of boots of stealth (worn)
 Q - a +0 plate armour (worn)
Jewellery
 o - a ring of poison resistance (left hand)
 w - a +3 ring of dexterity (right hand)
Wands
 d - a wand of flame (12)
 e - a wand of random effects (41)
 k - a wand of disintegration (21)
 E - a wand of enslavement (5)
 F - a wand of clouds (4)
 H - a wand of acid (3)
 J - a wand of digging (3)
Scrolls
 b - 5 scrolls of immolation {unknown}
 h - 9 scrolls of teleportation
 l - 8 scrolls of identify
 m - 3 scrolls of amnesia
 v - a scroll of holy word {unknown}
 x - 3 scrolls of magic mapping {unknown}
 y - 4 scrolls of fear {unknown}
 z - a scroll of remove curse {unknown}
 D - 3 scrolls of blinking {unknown}
 G - 2 scrolls of enchant weapon
 K - a scroll of noise {unknown}
 L - 4 scrolls of enchant armour {unknown}
 M - a scroll of torment {unknown}
Potions
 g - 12 potions of curing
 j - 2 potions of magic
 r - 4 potions of heal wounds {unknown}
 s - 3 potions of flight
 t - a potion of might
 u - 3 potions of haste {unknown}
 B - 3 potions of brilliance {unknown}
 C - 2 potions of lignification {unknown}
 I - 3 potions of ambrosia {unknown}
Miscellaneous
 N - a phial of floods
Comestibles
 f - 12 rations


   Skills:
 * Level 10.1 Fighting
 + Level 12.3 Axes
 + Level 0.5(6.6) Maces & Flails
 + Level 1.0 Throwing
 * Level 9.3 Armour
 + Level 2.3 Dodging
 + Level 1.1 Stealth
 * Level 10.6 Shields
 * Level 6.5 Invocations
 * Level 6.2 Evocations


You had 11 spell levels left.
You didn't know any spells.
Your spell library contained the following spells:

 Spells                   Type           Power        Failure   Level  Hunger
 Freeze                   Ice            #...         100%        1    ##.....
 Magic Dart               Conj           #...         100%        1    ##.....
 Summon Small Mammal      Summ           #...         100%        1    ##.....
 Blink                    Tloc           N/A          100%        2    ###....
 Call Imp                 Summ           #.......     100%        2    ###....
 Slow                     Hex            #.......     100%        2    ###....
 Call Canine Familiar     Summ           #.......     100%        3    ####...
 Confusing Touch          Hex            #.......     100%        3    ####...
 Conjure Flame            Conj/Fire      #.......     100%        3    ####...
 Frozen Ramparts          Ice            #.....       100%        3    ####...
 Gell's Gravitas          Tloc           #.........   100%        3    ####...
 Mephitic Cloud           Conj/Pois/Air  #.......     100%        3    ####...
 Ozocubu's Armour         Chrm/Ice       #.......     100%        3    ####...
 Summon Guardian Golem    Hex/Summ       #.......     100%        3    ####...
 Hailstorm                Conj/Ice       #.......     100%        4    #####..
 Petrify                  Tmut/Erth      #.......     100%        4    #####..
 Summon Ice Beast         Ice/Summ       #.......     100%        4    #####..
 Summon Lightning Spire   Summ/Air       #.......     100%        4    #####..
 Metabolic Englaciation   Hex/Ice        #.........   100%        5    ######.
 Yara's Violent Unravell  Hex/Tmut       #.........   100%        5    ######.


Dungeon Overview and Level Annotations

Branches:
Dungeon (12/15)            Temple (1/1) D:5            Lair (0/6) D:8
    Orc (0/2) D:9           Sewer (visited)         Ossuary (visited)

Altars:
Ashenzari
Cheibriados
Dithmenos
Elyvilon
Fedhas
Gozag
Hepliaklqana
Kikubaaqudgha
Makhleb
Nemelex Xobeh
Okawaru
Qazlal
Ru
Sif Muna
Trog
Uskayaw
Vehumet
Wu Jian
Xom
Yredelemnul
Zin
The Shining One

Shops:
D:6 *   D:9 (   D:10 !

Portals:
Trove: D:12 (give +4 fire dragon scales)

Annotations:
D:10 exclusion: oklob plant


Innate Abilities, Weirdness & Mutations

You are surrounded by a mild repulsion field. (EV +2)
You are partially covered in iridescent scales. (AC +2)
You often lose your temper in combat.


Message History

Found a leather armour.
A two-headed ogre comes into view.
It is wielding two +0 giant spiked clubs.
The two-headed ogre shouts in stereo!
You hear a shout! x3
The two-headed ogre moves out of view.
There is an open door here.
A fire dragon, an eye of draining, 2 yaktaur captains and 2 giants come into view.
The stone giant shouts!
The yaktaur captain shouts!
The cyclops shouts!
The yaktaur captain shouts!
The stone giant throws a large rock.
The large rock hits you! The fire dragon breathes flames at you.
The blast of flame hits you!!
The yaktaur captain wields a +0 arbalest.
The yaktaur captain shoots a bolt.
The bolt hits you!!
* * * LOW HITPOINT WARNING * * *
Things that are here:
a bolt; a large rock The two-headed ogre hits you with a +0 giant spiked club!!
* * * LOW HITPOINT WARNING * * *
The two-headed ogre hits you with a +0 giant spiked club!
You die...

....## #..C.. ... .....## +#
#.....# ... ......## #.. ##..D..#
... .......# ....##.....# ...
########.. .'#.....##### ...
##........ ##..G..##.... ...
'.........##.....##..... ...
##.......##....O##...... ...
##########..c..#@....########....
.^.....##..C..##....##...........
......##.....##....## #..........
.....## ....##....#'..##.........
....## c..##....##....##........
...## ..###...### .... #.......
..## .##.#...#.## ... #......
..## ##..#...#..##..[ ##......
...## ##...#...#...## ##.......


You could see a two-headed ogre and an eye of draining.

Vanquished Creatures
  A hydra (D:11)
  A centaur warrior (D:12)
  2 two-headed ogres (D:11)
  A skeletal warrior (D:12)
  An ugly thing (D:12)
  Psyche (D:8)
  Maurice (D:8)
  2 gargoyles (D:10)
  2 trolls (D:10)
  Grinder (D:5)
  2 hippogriffs
  2 hornets
  2 wyverns
  A spriggan (D:8)
  10 yaks
  Sigmund (D:2)
  Eustachio (D:5)
  2 wraiths (D:12)
  2 hungry ghosts
  Grum (D:9)
  Menkaure (Ossuary)
  Duvessa (D:7)
  A water moccasin (D:11)
  A sky beast (D:6)
  4 orc warriors
  2 black bears (D:7)
  A necrophage (D:10)
  An ice beast (D:8)
  2 phantoms
  3 wolves (D:9)
  6 ogres
  3 centaurs
  2 big kobolds
  6 bullfrogs
  A wyvern zombie (D:10)
  Dowan (D:7)
  A wyvern skeleton (D:8)
  A scorpion (D:6)
  7 killer bees
  5 wights (D:10)
  3 howler monkeys (D:12)
  10 crimson imps
  3 centaur zombies
  A bullfrog zombie (D:7)
  Crazy Yiuf (D:3)
  6 jellies
  A centaur skeleton (D:8)
  6 orc priests
  2 bullfrog skeletons
  2 hounds
  6 iguanas
  8 orc wizards
  5 worker ants
  Ijyb (D:3)
  Terence (D:3)
  A killer bee zombie (D:8)
  A hound zombie (D:6)
  A hound skeleton (D:10)
  5 mummies
  Robin (D:3)
  3 worker ant zombies
  A howler monkey skeleton (D:6)
  14 adders
  2 river rats (Sewer)
  3 shadow imps
  An ooze (D:4)
  An adder skeleton (D:6)
  2 adder zombies
  5 worms
  A dart slug (D:2)
  5 leopard geckos
  26 orcs
  6 giant cockroaches
  11 goblins (D:3)
  6 hobgoblins
  8 jackals
  4 quokkas
  9 bats
  4 frilled lizards
  4 gnoll skeletons (Ossuary)
  3 gnoll zombies (Ossuary)
  2 goblin skeletons (Ossuary)
  4 goblin zombies (Ossuary)
  4 hobgoblin skeletons (Ossuary)
  7 hobgoblin zombies (Ossuary)
  A jackal zombie (D:6)
  11 kobolds
  5 kobold skeletons (Ossuary)
  2 kobold zombies (Ossuary)
  A leopard gecko skeleton (D:7)
  5 orc skeletons (Ossuary)
  4 orc zombies (Ossuary)
  6 rats
  5 rat skeletons (Ossuary)
  4 rat zombies (Ossuary)
  A withered plant (D:10)
333 creatures vanquished.

Vanquished Creatures (others)
  A kobold zombie (Ossuary)
  A withered plant (D:10)
2 creatures vanquished.

Grand Total: 335 creatures vanquished

Notes
Turn   | Place    | Note
-------+----------+-------------------------------------------
     0 | D:1      | Error4North the Hill Orc Fighter began the quest for the
                  | Orb.
     0 | D:1      | Reached XP level 1. HP: 19/19 MP: 1/1
   133 | D:1      | Reached XP level 2. HP: 24/27 MP: 2/2
   730 | D:2      | Reached XP level 3. HP: 27/33 MP: 3/3
  1403 | D:2      | Reached skill level 3 in Axes
  1497 | D:2      | Reached XP level 4. HP: 36/40 MP: 4/4
  1618 | D:2      | Noticed Sigmund
  1625 | D:2      | Killed Sigmund
  1625 | D:2      | Reached skill level 4 in Axes
  1625 | D:2      | Reached XP level 5. HP: 45/47 MP: 5/5
  1793 | D:2      | Found a faded altar of an unknown god.
  2026 | D:3      | Noticed Terence
  2028 | D:3      | Reached XP level 6. HP: 53/53 MP: 6/6
  2035 | D:3      | Gained mutation: You tend to lose your temper in combat.
                  | [potion of mutation]
  2035 | D:3      | Gained mutation: You are partially covered in iridescent
                  | scales. (AC +2) [potion of mutation]
  2035 | D:3      | Gained mutation: You often lose your temper in combat.
                  | [potion of mutation]
  2035 | D:3      | Gained mutation: You are surrounded by a mild repulsion
                  | field. (EV +2) [potion of mutation]
  2055 | D:3      | Killed Terence
  2245 | D:3      | Found a runed translucent door.
  2246 | D:3      | Noticed Crazy Yiuf
  2319 | D:3      | Noticed Ijyb
  2323 | D:3      | Noticed Robin
  2333 | D:3      | Killed Ijyb
  2333 | D:3      | Reached skill level 5 in Armour
  2334 | D:3      | Reached skill level 5 in Shields
  2335 | D:3      | Reached skill level 1 in Dodging
  2352 | D:3      | Killed Robin
  2802 | D:3      | Killed Crazy Yiuf
  2886 | D:4      | Reached skill level 5 in Axes
  3260 | D:4      | Found a glowing drain.
  3273 | D:4      | Reached XP level 7. HP: 60/60 MP: 7/7
  3285 | Sewer    | Entered a sewer
  3374 | Sewer    | Reached skill level 5 in Fighting
  3395 | Sewer    | Found a white marble altar of Elyvilon.
  3760 | D:4      | You fall into a shaft and drop 3 floors!
  3760 | D:7      | Found a shadowy altar of Dithmenos.
  3771 | D:7      | Reached skill level 1 in Evocations
  3781 | D:7      | Found a glowing silver altar of Zin.
  3799 | D:7      | Reached skill level 6 in Axes
  3801 | D:7      | Noticed Dowan
  3980 | D:5      | Entered Level 5 of the Dungeon
  3987 | D:5      | Noticed Grinder
  4003 | D:5      | Reached XP level 8. HP: 62/69 MP: 9/9
  4006 | D:5      | Paralysed by Grinder for 2 turns
  4015 | D:5      | Killed Grinder
  4015 | D:5      | Reached skill level 7 in Axes
  4337 | D:5      | Found a staircase to the Ecumenical Temple.
  4346 | Temple   | Entered the Ecumenical Temple
  4515 | Temple   | Became a worshipper of Warmaster Okawaru
  4745 | D:5      | Reached skill level 8 in Axes
  5136 | D:5      | Noticed Eustachio
  5172 | D:5      | Killed Eustachio
  5172 | D:5      | Reached XP level 9. HP: 65/75 MP: 11/11
  5234 | D:6      | Reached * piety under Okawaru
  5609 | D:6      | Reached skill level 1 in Invocations
  5627 | D:6      | Found Vaihil's General Store.
  6330 | D:7      | Noticed Duvessa
  6345 | D:7      | Killed Duvessa
  6345 | D:7      | Reached skill level 9 in Axes
  6347 | D:7      | Killed Dowan
  6369 | D:7      | Reached ** piety under Okawaru
  6532 | D:7      | Reached XP level 10. HP: 74/86 MP: 12/12
  6859 | D:8      | Noticed Psyche
  6878 | D:8      | Killed Psyche
  6878 | D:8      | Reached *** piety under Okawaru
  6896 | D:8      | Found a sand-covered staircase.
  6926 | Ossuary  | Entered an ossuary
  7160 | Ossuary  | Noticed Menkaure
  7170 | Ossuary  | Killed Menkaure
  7507 | D:8      | Found an opulent altar of Gozag.
  7513 | D:8      | Found a white marble altar of Elyvilon.
  7567 | D:8      | Found a staircase to the Lair.
  7688 | D:8      | Noticed Maurice
  7843 | D:8      | Reached skill level 10 in Axes
  7980 | D:8      | Killed Maurice
  7980 | D:8      | Reached skill level 1 in Throwing
  8144 | D:9      | Noticed Grum
  8154 | D:9      | Reached skill level 1 in Stealth
  8155 | D:9      | Found a bloodstained altar of Trog.
  8159 | D:9      | Killed Grum
  8270 | D:9      | Found Korhople's Antique Weapon Boutique.
  8271 | D:9      | Found a staircase to the Orcish Mines.
  8582 | D:10     | Entered Level 10 of the Dungeon
  8925 | D:10     | Reached skill level 5 in Evocations
  8978 | D:10     | Reached **** piety under Okawaru
  8978 | D:10     | Received a gift from Okawaru
  8978 | D:10     | Reached XP level 11. HP: 26/95 MP: 14/14
  9617 | D:10     | Reached skill level 5 in Invocations
  9802 | D:10     | Found Noupp's Distillery.
 10197 | D:10     | Found a blossoming altar of Fedhas.
 10219 | D:10     | Noticed an oklob plant
 10555 | D:10     | Reached skill level 11 in Axes
 10910 | D:11     | Noticed a two-headed ogre
 10923 | D:11     | Killed a two-headed ogre
 10949 | D:11     | Noticed a two-headed ogre
 10959 | D:11     | Killed a two-headed ogre
 10959 | D:11     | Reached ***** piety under Okawaru
 10993 | D:11     | Found a shimmering altar of Xom.
 10993 | D:11     | Found a shimmering altar of Xom.
 10993 | D:11     | Found a shimmering altar of Xom.
 10993 | D:11     | Found a shimmering altar of Xom.
 10998 | D:11     | Reached skill level 10 in Shields
 11000 | D:11     | Found a shimmering altar of Xom.
 11000 | D:11     | Found a shimmering altar of Xom.
 11001 | D:11     | Found a shimmering altar of Xom.
 11060 | D:11     | Noticed a cyclops
 11060 | D:11     | Noticed a seven-headed hydra
 11252 | D:11     | Received a gift from Okawaru
 11577 | D:11     | Killed a seven-headed hydra
 11699 | D:11     | Noticed a death knight
 11699 | D:11     | Noticed a skeletal warrior
 11699 | D:11     | Noticed a skeletal warrior
 11930 | D:12     | Found a portal to a secret trove of treasure.
 12041 | D:12     | Noticed a centaur warrior
 12064 | D:12     | Killed a centaur warrior
 12064 | D:12     | Received a gift from Okawaru
 12064 | D:12     | Reached skill level 12 in Axes
 12064 | D:12     | Reached XP level 12. HP: 80/106 MP: 14/16
 12255 | D:12     | Reached skill level 10 in Fighting
 12500 | D:12     | Identified the +1 ring mail of Asceticism {-Tele MR+ MP+9}
 12704 | D:12     | Noticed a two-headed ogre
 12705 | D:12     | Noticed a stone giant
 12705 | D:12     | Noticed a fire dragon
 12705 | D:12     | Noticed a yaktaur captain
 12705 | D:12     | Noticed a yaktaur captain
 12706 | D:12     | Slain by a two-headed ogre

Levels and vault maps discovered:
D:1:      erik_arrival_cave_to_civilisation [erik_arrival_cave_to_hall],
          layout_basic
D:2:      layout_basic, chequers_ecumenical_altar_grove, kennysheep_doodads,
          uniq_sigmund
D:3:      layout_basic, st_stairs_1, uniq_ijyb, uniq_terence,
          uniq_crazy_yiuf_cottage, uniq_robin
D:4:      layout_basic, first_ration, gup_sewer_entry_glass
D:5:      layout_basic, minmay_temple_entry_stoned_glass,
          minmay_fractal_squares_5, uniq_grinder, uniq_eustachio
D:6:      layout_basic, serial_shops, shop, chequers_serial_rivers_small_3,
          lightli_minifort
D:7:      layout_cave_pools, overflow_temple_1_default, basic_altar,
          uniq_duvessa
D:8:      layout_rooms, minitemple, lair_entry_dummy,
          nicolae_ossuary_entry_ruins, grunt_pizzeria,
          kennysheep_generic_room_10, uniq_maurice, uniq_psyche
D:9:      layout_basic, lemuel_round_altar, orc_0_dummy, serial_shops, shop,
          uniq_grum
D:10:     layout_basic, serial_undead, serial_undead_c, serial_undead_c,
          serial_undead_a, serial_undead_c, serial_undead_f, serial_undead_f,
          serial_shops, shop, nrook_uturn, tgw_fedhas
D:11:     layout_roguey, xom_shifter_show
D:12:     minmay_octo_star, layout_irregular_city, enter_trove_0, serial_shops,
          nicolae_shop_trees, chequers_serial_rivers_micro_a,
          grunt_dithmenos_shadows
Temple:   dpeg_five_rooms_temple

Skill      XL: |  1  2  3  4  5  6  7  8  9 10 11 12 |
---------------+-------------------------------------+-----
Armour         | 4 5 6 7 9 |  9.3
Fighting       | 4 5 6 7 8 9 10 | 10.1
Axes           | 3 4 5 6 8 9 10 12 | 12.3
Shields        | 4 5 6 8 9 10 | 10.6
Dodging        | 1 2 |  2.3
Evocations     | 1 3 5 6 |  6.2
Invocations    | 2 4 6 |  6.5
Throwing       | 1 |  1.0
Stealth        | 1 |  1.1
Maces & Flails | |  0.5

Action                   |  1- 3 |  4- 6 |  7- 9 | 10-12 || total
-------------------------+-------+-------+-------+-------++-------
Melee: War axe           |   117 |   155 |   377 |   692 ||  1341
       Flail             |       |       |       |     8 ||     8
Throw: Javelin           |       |       |    16 |     5 ||    21
Invok: Heroism           |       |       |     1 |    17 ||    18
Evoke: Wand              |       |       |     1 |     2 ||     3
  Use: Potion            |       |     5 |     1 |       ||     6
       Scroll            |       |     5 |     1 |     5 ||    11
  Eat: Chunk             |     2 |     5 |     9 |    10 ||    26
       Ration            |       |       |     1 |     4 ||     5
Armor: Scale mail        |    64 |    13 |       |       ||    77
       Chain mail        |       |    67 |   198 |   173 ||   438
       Plate armour      |       |       |       |    74 ||    74
Dodge: Dodged            |    44 |    59 |   123 |   191 ||   417
Block: Kite shield       |    73 |   101 |   218 |   398 ||   790

Table legend:
 A = Non-vault XP
 B = Vault XP
 C = Vault XP percentage of total XP
 D = Non-vault monster count
 E = Vault monster count
 F = Vault count percentage of total count
                 A         B        C        D         E       F
            +---------+---------+-------+---------+---------+-------
      Total |   15504 |    5542 |  26.3 |     221 |     106 |  32.4
            +---------+---------+-------+---------+---------+-------
        D:1 |      20 |       0 |   0.0 |      12 |       0 |   0.0
        D:2 |      89 |     205 |  69.7 |      20 |       1 |   4.8
        D:3 |      68 |     156 |  69.6 |      13 |      17 |  56.7
        D:4 |      93 |      17 |  15.5 |      12 |       3 |  20.0
        D:5 |     715 |     537 |  42.9 |      21 |       4 |  16.0
        D:6 |     899 |     176 |  16.4 |      24 |       3 |  11.1
        D:7 |    1361 |     225 |  14.2 |      22 |       2 |   8.3
        D:8 |    1288 |    1140 |  47.0 |      20 |       4 |  16.7
        D:9 |     184 |     534 |  74.4 |       4 |       4 |  50.0
       D:10 |    2922 |     440 |  13.1 |      21 |       9 |  30.0
       D:11 |    4920 |       0 |   0.0 |      23 |       0 |   0.0
       D:12 |    2909 |    1711 |  37.0 |      27 |       2 |   6.9
     Temple |      36 |       0 |   0.0 |       2 |       0 |   0.0
      Sewer |       0 |     128 | 100.0 |       0 |       9 | 100.0
    Ossuary |       0 |     273 | 100.0 |       0 |      48 | 100.0
            +---------+---------+-------+---------+---------+-------
